 Dungeon Crawl Stone Soup version 0.21-a0-352-g5b8f553 (webtiles) character file.

44 nikopol the Covered (level 3, -8/33 HPs)
             Began as a Hill Orc Fighter on Oct 11, 2017.
             Mangled by a hippogriff (9 damage)
             ... on level 2 of the Dungeon.
             The game lasted 00:01:45 (1056 turns).

nikopol the Covered (Hill Orc Fighter)              Turns: 1056, Time: 00:01:47

Health: -8/33      AC:  7    Str: 24    XL:     3   Next: 62%
Magic:  3/3        EV:  7    Int:  8    God:
Gold:   87         SH:  9    Dex: 10    Spells: 2/2 levels left

rFire    . . .     SeeInvis .   a - +0 war axe
rCold    . . .     Gourm    .   c - +0 shield
rNeg     . . .     Faith    .   b - +0 scale mail
rPois    .         Spirit   .   (no helmet)
rElec    .         Reflect  .   (no cloak)
rCorr    .         Harm     .   (no gloves)
MR       .....                  (no boots)
Stlth    ..........             (no amulet)
HPRegen  0.11/turn              (no ring)
MPRegen  0.08/turn              (no ring)

@: mighty
A: no striking features
a: no special abilities


You were on level 2 of the Dungeon.
You were not hungry.

You visited 1 branch of the dungeon, and saw 2 of its levels.

You collected 87 gold pieces.

Inventory:

Hand Weapons
 a - a +0 war axe (weapon)
Armour
 b - a +0 scale mail (worn)
 c - a +0 shield (worn)
Scrolls
 h - a scroll of teleportation {unknown}
 k - 4 scrolls of recharging {unknown}
 l - a scroll of enchant armour {unknown}
 n - a scroll of remove curse {unknown}
 o - a scroll of amnesia {unknown}
Potions
 e - a potion of haste {unknown}
 g - a potion of mutation {unknown}
 m - a potion of brilliance {unknown}
 p - a potion of magic {unknown}
Comestibles
 f - 2 bread rations
 i - 2 royal jellies
 j - 2 meat rations
 q - 3 chunks of flesh


   Skills:
 + Level 4.0 Fighting
 + Level 3.3 Axes
 + Level 4.1 Armour
 + Level 0.1 Dodging
 + Level 3.5 Shields


You had 2 spell levels left.
You didn't know any spells.

Dungeon Overview and Level Annotations

Branches:
Dungeon (2/15)

Altars:


Message History

You hit the hippogriff.
The hippogriff is lightly wounded.
Your shield prevents you from hitting the frilled lizard.
The hippogriff bites you.
* * * LOW HITPOINT WARNING * * *
The hippogriff pecks you.
* * * LOW HITPOINT WARNING * * *
The hippogriff claws you but does no damage.
The frilled lizard bites you but does no damage.
You feel very mighty all of a sudden. You block the hippogriff's attack.
The hippogriff barely misses you. You block the hippogriff's attack.
The frilled lizard bites you.
* * * LOW HITPOINT WARNING * * *
You slash the hippogriff!
The hippogriff is moderately wounded.
You slash the frilled lizard!
You kill the frilled lizard!
Your Fighting skill increases to level 4!
The hippogriff bites you!
You die...

...............#
......)........+
..............)#
.
........#####'##
.. ........#
###÷#######...
........#
#.............
........#
#.............
...######
#......†......
#.....@.......
#....†.H......
#.............
#.............
###.......####
#.##.##.# #. #.#
.# #. #.# .#


You could see a hippogriff.

Vanquished Creatures
  2 adders (D:2)
  A dart slug (D:2)
  2 leopard geckos
  A ball python (D:1)
  A giant cockroach (D:1)
  2 goblins (D:1)
  2 hobgoblins
  A kobold (D:2)
  4 bats
  4 frilled lizards
  3 rats
  5 plants (D:1)
28 creatures vanquished.

Notes
Turn   | Place    | Note
-------+----------+-------------------------------------------
     0 | D:1      | nikopol the Hill Orc Fighter began the quest for the Orb.
     0 | D:1      | Reached XP level 1. HP: 19/19 MP: 1/1
   182 | D:1      | Reached XP level 2. HP: 24/27 MP: 2/2
   977 | D:2      | Reached XP level 3. HP: 33/33 MP: 3/3
  1047 | D:2      | Noticed a hippogriff
  1055 | D:2      | HP: 1/33 [frilled lizard (2)]
  1056 | D:2      | Mangled by a hippogriff

Vault maps used:
D:1:      dpeg_arrival_three_smaller_balls, serial_bayou_lagoon_a,
          nrook_mini_backslash, minmay_tetromino_l2
D:2:      kennysheep_six_static_rooms

Skill      XL: |  1  2  3 |
---------------+----------+-----
Axes           | 3 |  3.3
Armour         | 4 |  4.1
Fighting       | 4 |  4.0
Dodging        | |  0.1
Shields        | |  3.5

Action                   || total
-------------------------++-------
Melee: War axe           ||   133
  Use: Potion            ||     1
  Eat: Chunk             ||     1
Armor: Scale mail        ||    53
Dodge: Dodged            ||    32
Block: Shield            ||    50

Table legend:
 A = Spawn XP
 B = Non-spawn XP
 C = Spawn XP percentage of total XP
 D = Spawn monster count
 E = Non-spawn monster count
 F = Spawn count percentage of total count
 G = Total turns spent on level
                    A         B        C        D         E        F      G
               +---------+---------+-------+---------+---------+-------+---------
         Total |       0 |      64 |   0.0 |       0 |      23 |   0.0 |  1056
               +---------+---------+-------+---------+---------+-------+---------
           D:1 |       0 |      20 |   0.0 |       0 |      12 |   0.0 |   960
           D:2 |       0 |      44 |   0.0 |       0 |      11 |   0.0 |    96
               +---------+---------+-------+---------+---------+-------+---------
